 Dungeon Crawl Stone Soup version 0.28-a0-793-g31680bbd8b (webtiles) character file.

Game seed: 6282664044032118343

29 ytrimaz the Skirmisher (level 3, 0/29 HPs)
             Began as a Demonspawn Fighter on Nov 4, 2021.
             Succumbed to an adder's poison
             ... on level 2 of the Dungeon.
             The game lasted 00:00:46 (560 turns).

ytrimaz the Skirmisher (Demonspawn Fighter)          Turns: 560, Time: 00:00:46

Health: 0/29       AC:  6    Str: 17    XL:     3   Next: 1%
Magic:  3/3        EV:  9    Int:  9    God:
Gold:   40         SH:  4    Dex: 12    Spells: 2/2 levels left

rFire   . . .      SeeInvis .   a - +0 war axe
rCold   . . .      Faith    .   c - +0 buckler
rNeg    . . .      Spirit   .   b - +0 scale mail
rPois   .          Reflect  .   (no helmet)
rElec   .          Harm     .   (no cloak)
rCorr   .          Rampage  .   (no gloves)
Will    .....                   (no boots)
Stlth   ..........              (no amulet)
HPRegen 0.09/turn               (no ring)
MPRegen 0.08/turn               (no ring)

@: lethally poisoned (0 -> -9), flying
A: spiny 2
a: no special abilities


You were on level 2 of the Dungeon.
You visited 1 branch of the dungeon, and saw 2 of its levels.

You collected 40 gold pieces.

Inventory:

Hand Weapons
 a - a +0 war axe (weapon)
Missiles
 h - a throwing net (quivered)
Armour
 b - a +0 scale mail (worn)
 c - a +0 buckler (worn)
Scrolls
 g - a scroll of identify {unknown}
Potions
 d - 2 potions of might
 f - a potion of invisibility {unknown}


   Skills:
 + Level 3.2 Fighting
 * Level 2.2 Axes
 + Level 2.9 Armour
 * Level 0.6 Dodging
 + Level 2.9 Shields


You had 2 spell levels left.
You didn't know any spells.
Your spell library was empty.

Dungeon Overview and Level Annotations

Branches:
Dungeon (2/15)

Altars:


Innate Abilities, Weirdness & Mutations

You are mostly covered in sharp spines.


Message History

You barely miss the adder.
The adder is moderately wounded.
You feel very sick. The adder bites you.
You closely miss the adder.
The adder is moderately wounded.
You feel sick. You block the adder's attack.
The adder is struck by your spines. The adder bites you.
You are too injured to fight recklessly!
You are too injured to fight recklessly!
You are too injured to fight recklessly!
An adder is nearby!
An adder is nearby!
Unknown command.
You closely miss the adder.
The adder is moderately wounded.
You feel sick. The adder barely misses you. x2
You closely miss the adder.
The adder is moderately wounded.
You feel sick. The adder is struck by your spines. The adder bites you.
* * * LOW HITPOINT WARNING * * *
You are more poisoned.
The adder poisons you! The adder barely misses you.
You hit the adder.
The adder is almost dead.
* * * LOW HITPOINT WARNING * * *
You feel sick. The adder bites you.
* * * LOW HITPOINT WARNING * * *
You are more poisoned.
The adder poisons you! The adder is struck by your spines.
You kill the adder!
You have reached level 3!
Your experience leads to an increase in your attributes!
Increase (S)trength, (I)ntelligence, or (D)exterity?
You feel stronger.
Your demonic ancestry asserts itself...
Sharp spines emerge from more of your body.
It was a potion of flight.
You feel very buoyant.
You fly up into the air.
You die...

##.###.####.....
.................
..#.###.#.####.#
#.###...####.#
.............#
#.###.#.#.##.#####
................
###.#.#.##.#####
#.#.#@# #
#...........#
...........####
###........#
#####.#### #.# #..
###


There were no monsters in sight!

Vanquished Creatures
  An adder (D:2)
  A dart slug (D:1)
  A bat (D:1)
  2 endoplasms (D:1)
  3 goblins (D:1)
  2 hobgoblins (D:1)
  A quokka (D:1)
  A ball python (D:1)
  3 kobolds (D:1)
  2 rats (D:1)
17 creatures vanquished.

Notes
Turn   | Place    | Note
-------+----------+-------------------------------------------
     0 | D:1      | ytrimaz the Demonspawn Fighter began the quest for the Orb.
     0 | D:1      | Reached XP level 1. HP: 18/18 MP: 1/1
    71 | D:1      | Gained mutation: You are partially covered in sharp spines.
                  | [demonic ancestry]
    71 | D:1      | Reached XP level 2. HP: 21/24 MP: 2/2
   559 | D:2      | HP: 1/24 [adder (4)]
   560 | D:2      | Gained mutation: You are mostly covered in sharp spines.
                  | [demonic ancestry]
   560 | D:2      | Reached XP level 3. HP: 2/29 MP: 3/3
   560 | D:2      | Succumbed to an adder's poison

Illustrated notes

Levels and vault maps discovered:
D:1:      dpeg_arrival_tiny_a, layout_rooms
D:2:      layout_basic, uniq_sigmund, uniq_robin, uniq_natasha

Skill      XL: |  1  2 |
---------------+-------+-----
Axes           | 2 |  2.2
Fighting       | |  3.2
Armour         | |  2.9
Dodging        | |  0.6
Shields        | |  2.9

Action                   || total
-------------------------++-------
Melee: War axe           ||    39
  Use: Potion            ||     1
Armor: Scale mail        ||    26
Dodge: Dodged            ||    21
Block: Buckler           ||    13

Table legend: (Time is in decaauts)
 A = Elapsed time spent in this place.
 B = Non-inter-level travel time spent in this place.
 C = Inter-level travel time spent in this place.
 D = Time resting spent in this place.
 E = Time spent auto-exploring this place.
 F = Levels seen in this place.
 G = Mean time per level.
                   A        B        C        D        E       F      G
               +--------+--------+--------+--------+--------+-----+--------+
         Total |    576 |    574 |      2 |      0 |    439 |   2 |  288.0 |
       Dungeon |    576 |    574 |      2 |      0 |    439 |   2 |  288.0 |
               +--------+--------+--------+--------+--------+-----+--------+

Top non-repeatable levels by time:
     D:1: 498 daAuts
     D:2: 78 daAuts
